 Dungeon Crawl Stone Soup version 0.29.1-15-g9cfb28693d (webtiles) character file.

Game seed: 18368922076627997727

17313 Draugr the Covert (level 12, -34/68 HPs)
             Began as a Vampire Enchanter on Mar 16, 2023.
             Was a Believer of Vehumet.
             Killed by dispel undead
             ... invoked by Josephine
              (46 damage)
             ... on level 1 of the Orcish Mines.
             The game lasted 00:56:13 (11776 turns).

Draugr the Covert (Vampire Enchanter)              Turns: 11776, Time: 00:56:13

Health: -34/68     AC:  8    Str:  7    XL:     12   Next: 17%
Magic:  22/22      EV: 17    Int: 28    God:    Vehumet [**....]
Gold:   568        SH:  0    Dex: 22    Spells: 8/24 levels left

rFire   . . .      SeeInvis +   l - +5 dagger "Qastrej" {flame, Fragile Fly Int+7}
rCold   + + .      Faith    .   (no shield)
rNeg    + + +      Spirit   .   c - +2 robe {Archmagi}
rPois   ∞          Reflect  .   f - +0 helmet
rElec   .          Harm     .   o - scarf {repulsion}
rCorr   .          Rampage  .   g - +0 pair of gloves
Will    +....      Archmagi +   t - +1 pair of boots
Stlth   +++++++...              (no amulet)
HPRegen 0.00/turn               s - +6 ring of dexterity
MPRegen 0.18/turn               (no ring)

@: silenced (expiring), flying, bloodless, inhibited regen, slowed, repel
missiles, very slow
A: bloodless, fangs 3, see invisible, vampiric 2
a: Bat Form, Revivify, Renounce Religion


You were on level 1 of the Orcish Mines.
You worshipped Vehumet.
Vehumet was pleased with you.
You visited 3 branches of the dungeon, and saw 12 of its levels.
You also visited: Bailey.

You collected 660 gold pieces.
You spent 92 gold pieces at shops.

Inventory:

Hand Weapons
 a - a +1 dagger
 l - the +5 dagger "Qastrej" (weapon) {flame, Fragile Fly Int+7}
   (You found it on level 2 of the Dungeon)

   It burns those it strikes, dealing additional fire damage.
   Int:       It affects your intelligence (+7).
   Fly:       It grants you flight.
   Fragile:   It will be destroyed if unequipped.
 n - a +1 dagger of venom
Missiles
 D - 2 throwing nets (quivered)
Armour
 c - a +2 robe of the Archmagi (worn)
 f - a +0 helmet (worn)
 g - a +0 pair of gloves (worn)
 h - a +0 cloak
 o - a scarf of repulsion (worn)
 t - a +1 pair of boots (worn)
 w - an orb of energy
 E - a +0 leather armour of cold resistance
Jewellery
 s - a +6 ring of dexterity (left hand)
 M - a ring of ice
Wands
 y - a wand of flame (21)
 C - a wand of paralysis (10)
 I - a wand of quicksilver (11)
 K - a wand of mindburst (10)
 P - a wand of polymorph (7)
Scrolls
 b - 2 scrolls of poison
 i - 3 scrolls of enchant weapon
 k - 2 scrolls of enchant armour
 m - a scroll of amnesia
 p - 4 scrolls of teleportation
 v - a scroll of blinking
 x - 2 scrolls of immolation
 A - 2 scrolls of brand weapon
 J - a scroll of summoning {unknown}
 O - a scroll of butterflies
Potions
 d - 5 potions of curing
 e - 2 potions of heal wounds
 q - 3 potions of magic
 r - a potion of might {unknown}
 u - 2 potions of cancellation {unknown}
 B - 2 potions of brilliance {unknown}
 F - a potion of resistance {unknown}
 G - a potion of flight {unknown}
 H - a potion of lignification {unknown}
 L - a potion of berserk rage {unknown}
 N - 2 potions of haste {unknown}
Miscellaneous
 j - a phantom mirror


   Skills:
 - Level 5.1 Fighting
 - Level 7.4 Short Blades
 - Level 7.5 Dodging
 - Level 12.3 Stealth
 - Level 6.7 Spellcasting
 - Level 5.4 Conjurations
 - Level 10.2 Hexes
 - Level 3.0 Translocations
 - Level 2.3 Ice Magic
 - Level 5.4 Earth Magic
 + Level 2.9 Evocations


You had 8 spell levels left.
You knew the following spells:

 Your Spells              Type           Power      Damage    Failure   Level
a - Ensorcelled Hibernat  Hex/Ice        100%       N/A       1%          2
b - Confusing Touch       Hex            79%        N/A       1%          3
c - Tukima's Dance        Hex            79%        N/A       1%          3
d - Stone Arrow           Conj/Erth      100%       3d13      1%          3
e - Foxfire               Conj/Fire      100%       2x1d9     1%          1
f - Iskenderun's Mystic   Conj/Tloc      49%        2d11      10%         4

Your spell library contained the following spells:

 Spells                   Type           Power      Damage    Failure   Level
 Sandblast                Erth           100%       2d20      1%          1
 Slow                     Hex            100%       N/A       1%          1
 Dazzling Flash           Conj/Hex       100%       N/A       1%          3
 Portal Projectile        Hex/Tloc       100%       N/A       1%          3
 Passwall                 Tmut/Erth      30%        N/A       2%          2
 Gell's Gravitas          Tloc           39%        N/A       4%          3
 Lesser Beckoning         Tloc           39%        N/A       4%          3
 Teleport Other           Tloc           39%        N/A       4%          3
 Vampiric Draining        Necr           14%        2d7       17%         3
 Blade Hands              Tmut           7%         N/A       83%         5
 Dispersal                Tloc           19%        N/A       94%         6


Dungeon Overview and Level Annotations

Branches:
Dungeon (10/15)            Temple (1/1) D:4             Orc (1/2) D:9
 Bailey (visited)
   Lair: D:8-11

Altars:
Ashenzari
Dithmenos
Kikubaaqudgha
Makhleb
Nemelex Xobeh
Okawaru
Qazlal
Ru
Trog
Uskayaw
Vehumet
Wu Jian
Xom

Shops:
D:3 [   D:4 *

Annotations:
D:7 2 runed translucent doors
D:10 2 transporters, jaiteiro's ghost, journeyman GnCj
Orc:1 Josephine


Innate Abilities, Weirdness & Mutations

You do not regenerate when monsters are visible.
You are frail without blood (-20% HP).
You can heal yourself when you bite living creatures.
You are immune to poison.
You have razor-sharp teeth.
You have supernaturally acute eyesight. (SInv)
You are afflicted with vampirism and can become a bat while bloodless.


Message History

You feel as though you will be slow longer.
You barely miss Josephine.
Josephine is severely wounded.
Josephine closely misses you. The wraith closely misses you.
You puncture Josephine! You burn Josephine.
Josephine is almost dead.
Josephine hits you with a +0 dagger.
* * * LOW HITPOINT WARNING * * *
The wraith hits you.
* * * LOW HITPOINT WARNING * * *
You feel much better. Josephine hits you with a +0 dagger.
The wraith closely misses you.
You feel much better. Josephine completely misses you.
The wraith closely misses you. The wraith completely misses you.
Josephine closely misses you.
You barely miss Josephine.
Josephine is almost dead.
Josephine hits you with a +0 dagger. The wraith closely misses you.
You hit Josephine. You burn Josephine.
Josephine is almost dead.
Josephine casts a spell at you.
You convulse!
The wraith closely misses you.
You barely miss Josephine.
Josephine is almost dead.
You barely miss Josephine.
Josephine is almost dead.
Josephine casts a spell at you.
You convulse!
Ouch! That really hurt!
* * * LOW HITPOINT WARNING * * *
The wraith misses you.
You feel much better. Josephine hits you with a +0 dagger.
The wraith completely misses you. The wraith hits you!
* * * LOW HITPOINT WARNING * * *
The wraith drains your vigour!
You feel as though you will be slow longer.
Josephine casts a spell at you.
You convulse!
Ouch! That really hurt!
You die...

*,,,,,,*** **,,,,,,**
#..,,,,,,* #.....,,,**
#.....,,,,* ##....*****
****
#....#####**##,,*****
#....#@WW#,.@W,,**,,***
#.....@#§,.≈≈§~~,,,,,,,
#......#~≈≈≈.§,~~~~,~~~
#......#$.....,,,,~~~,,
#....#...#*****,,,,,,,,
#....###### ********#
#.....###.###### ###
#............#.## #..
#...............# ##..
#...............####...


You could see Josephine and 2 wraiths.

Vanquished Creatures
  An orc warlord (Bailey)
  Fannar (D:10)
  A two-headed ogre (D:7)
  Pikel (D:9)
  2 orc knights
  2 trolls
  2 shadows
  2 wraiths
  2 wyverns
  A steam dragon (D:10)
  2 water moccasins
  9 orc warriors
  2 sky beasts
  2 ice beasts
  A black bear (D:5)
  An ogre (Orc:1)
  3 centaurs
  3 phantoms
  3 kobold brigands
  4 scorpions
  6 wights
  22 killer bees
  3 howler monkeys
  7 hounds
  2 jellies
  5 orc priests
  A gnoll bouda (D:7)
  5 iguanas
  7 orc wizards
  5 gnolls
  4 adders
  A white imp (D:7)
  An ufetubus (D:5)
  3 worms
  2 dart slugs
  36 orcs
  6 ball pythons
  A bat zombie (D:6)
  6 endoplasms
  A giant cockroach (D:2)
  8 goblins
  12 hobgoblins
  8 jackals
  3 quokkas
  5 bats
  A frilled lizard (D:3)
  32 kobolds
  2 rats
  A rat zombie (D:6)
241 creatures vanquished.

Vanquished Creatures (collateral kills)
  2 orc warriors
  3 orcs (D:8)
5 creatures vanquished.

Vanquished Creatures (others)
  A dancing weapon (Bailey)
  An orc (Orc:1)
2 creatures vanquished.

Grand Total: 248 creatures vanquished

Notes
Turn   | Place    | Note
-------+----------+-------------------------------------------
     0 | D:1      | Draugr the Vampire Enchanter began the quest for the Orb.
     0 | D:1      | Reached XP level 1. HP: 13/13 MP: 3/3
   170 | D:1      | Reached XP level 2. HP: 9/19 MP: 5/5
   291 | D:1      | Learned a level 2 spell: Ensorcelled Hibernation
   327 | D:1      | Reached skill level 1 in Fighting
   697 | D:1      | You fall into a shaft and drop 1 floor!
   741 | D:2      | Gained mutation: You are afflicted with vampirism and can
                  | become a bat while bloodless. [Vampire growth]
   741 | D:2      | Reached XP level 3. HP: 19/20 MP: 2/6
   935 | D:2      | Found a shimmering altar of Xom.
   962 | D:2      | Identified the +5 dagger "Qastrej" {flame, Fragile Fly
                  | Int+7}
  1059 | D:2      | Reached skill level 5 in Stealth
  1272 | D:2      | Reached XP level 4. HP: 25/25 MP: 7/7
  1841 | D:2      | Found a faded altar of an unknown god.
  2035 | D:3      | Reached skill level 6 in Stealth
  2541 | D:3      | Reached skill level 7 in Stealth
  2803 | D:3      | Reached XP level 5. HP: 29/29 MP: 8/8
  3122 | D:3      | Found Ipat Reameum's Antique Armour Emporium.
  3134 | D:3      | Bought an embroidered robe for 92 gold pieces
  3155 | D:3      | Learned a level 3 spell: Confusing Touch
  3159 | D:3      | Learned a level 3 spell: Tukima's Dance
  3375 | D:4      | Reached skill level 1 in Ice Magic
  3781 | D:4      | Found Oranumim's Overcharged Wands.
  3895 | D:4      | Found a staircase to the Ecumenical Temple.
  3957 | D:5      | Entered Level 5 of the Dungeon
  3992 | D:5      | Reached XP level 6. HP: 34/34 MP: 9/9
  4200 | D:5      | Reached skill level 5 in Hexes
  4200 | D:5      | Reached XP level 7. HP: 38/38 MP: 8/13
  4773 | D:6      | Reached XP level 8. HP: 43/43 MP: 10/14
  4803 | D:6      | Reached skill level 10 in Hexes
  5184 | D:6      | Found a broken altar of Ashenzari.
  5196 | D:6      | Found an ancient bone altar of Kikubaaqudgha.
  5768 | D:7      | Reached skill level 5 in Fighting
  6055 | D:7      | Reached skill level 5 in Short Blades
  6055 | D:7      | Reached XP level 9. HP: 50/54 MP: 6/15
  6201 | D:7      | Found a runed translucent door.
  6203 | D:7      | Found a runed translucent door.
  6203 | D:7      | Noticed a two-headed ogre
  6421 | D:8      | Found a sacrificial altar of Ru.
  6426 | D:8      | Reached skill level 8 in Stealth
  6488 | D:8      | Found an ornate altar of the Wu Jian Council.
  6643 | D:8      | Reached skill level 9 in Stealth
  6692 | D:8      | Reached skill level 10 in Stealth
  6924 | D:8      | Reached skill level 11 in Stealth
  7124 | D:8      | Reached skill level 12 in Stealth
  7188 | D:8      | Found a stormy altar of Qazlal.
  7678 | Temple   | Entered the Ecumenical Temple
  7684 | Temple   | Became a worshipper of Vehumet
  7889 | D:9      | Found a staircase to the Orcish Mines.
  8087 | D:9      | Reached skill level 5 in Dodging
  8124 | D:9      | Reached XP level 10. HP: 44/59 MP: 12/16
  8666 | D:9      | Got the Collected Works on the Jaunt
  8677 | D:9      | Learned a level 3 spell: Stone Arrow
  8747 | D:9      | Reached skill level 5 in Spellcasting
  8897 | D:9      | Noticed Pikel
  8904 | D:9      | Killed Pikel
  9069 | D:9      | Identified the +2 ring mail of Patience {rPois Str+8 Int-2
                  | Stlth-}
  9096 | D:9      | Found an iron altar of Okawaru.
  9096 | D:9      | Found a bloodstained altar of Trog.
  9103 | D:9      | Reached skill level 1 in Earth Magic
  9226 | D:10     | Entered Level 10 of the Dungeon
  9263 | D:10     | Found a hide-covered altar of Uskayaw.
  9302 | D:10     | Found a transporter.
  9302 | D:10     | Noticed a moth of wrath
  9317 | D:10     | Found a transporter.
  9321 | D:10     | Noticed jaiteiro's ghost (journeyman GnCj)
  9488 | D:10     | Noticed Fannar
  9493 | D:10     | Killed Fannar
  9493 | D:10     | Reached * piety under Vehumet
  9493 | D:10     | Offered knowledge of Foxfire by Vehumet.
  9494 | D:10     | Reached skill level 5 in Earth Magic
  9559 | D:10     | Found a flagged portal.
  9569 | Bailey   | Entered a bailey
  9651 | Bailey   | Noticed an orc warlord
  9651 | Bailey   | Found the +10 morningstar "Eos" {elec, Halo rElec}
  9753 | Bailey   | Found a runed translucent gate.
  9754 | Bailey   | Found a runed translucent gate.
  9754 | Bailey   | Noticed an orc knight
  9765 | Bailey   | Killed an orc knight
  9812 | Bailey   | Found a runed translucent gate.
 10036 | Bailey   | Killed an orc warlord
 10054 | Bailey   | Learned a level 1 spell: Foxfire
 10054 | Bailey   | Reached skill level 5 in Conjurations
 10054 | Bailey   | Reached XP level 11. HP: 40/63 MP: 11/21
 10060 | Bailey   | Learned a level 4 spell: Iskenderun's Mystic Blast
 10249 | D:10     | Reached skill level 1 in Translocations
 10603 | D:10     | Found a shadowy altar of Dithmenos.
 10607 | D:10     | Reached XP level 12. HP: 68/68 MP: 22/22
 10882 | D:7      | Killed a two-headed ogre
 11089 | D:7      | Found a runed translucent door.
 11089 | D:7      | Noticed a six-headed hydra
 11090 | D:7      | Noticed a two-headed ogre
 11091 | D:7      | Found a runed translucent door.
 11091 | D:7      | Found a runed translucent door.
 11374 | Orc:1    | Entered Level 1 of the Orcish Mines
 11439 | D:9      | Reached skill level 1 in Evocations
 11612 | Orc:1    | Noticed Josephine
 11651 | Orc:1    | Reached ** piety under Vehumet
 11775 | Orc:1    | HP: 1/68 [Josephine/dispel undead (43)]
 11776 | Orc:1    | Killed from afar by Josephine

Illustrated notes

Levels and vault maps discovered:
D:1:      psy_arrival_statuary, layout_basic, serial_glass, glass_columns_b,
          glass_columns_c, minmay_tromino_v4_c
D:2:      layout_rooms, shapermc_ecumenical_altar_hornbeckon, basic_altar,
          palyth_stone_intersect
D:3:      layout_basic, serial_shops, nicolae_lakefront_shop
D:4:      layout_gridville, minmay_temple_entry_poolview,
          nicolae_shop_overcharged_wands
D:5:      layout_cave_pools
D:6:      layout_basic, lemuel_zombie_altar_kikubaaqudgha, ashenzari_altar_1
D:7:      minmay_the_grid_triangle_9x9_rhombus_full
          [minmay_the_grid_triangle_9x9_limited_checkers,
          minmay_the_grid_triangle_9x9_fully_insulated_deathbox,
          minmay_the_grid_triangle_9x9_minimal,
          minmay_the_grid_triangle_9x9_alien,
          minmay_the_grid_triangle_9x9_tough_junction,
          minmay_the_grid_triangle_9x9_negative_grid,
          minmay_the_grid_triangle_9x9_odd_lines,
          minmay_the_grid_triangle_9x9_prize_schism], layout_gridville
D:8:      layout_basic, old_standard_altar, nicolae_qazlal_style_of_elements,
          nzn_wu_jian_contemplation, minivault_11
D:9:      layout_stronghold, grunt_temple_overflow_bloody_war, david_orc_3,
          uniq_pikel
D:10:     layout_rooms, grunt_dithmenos_shadows, mainiacjoe_overflow_boulevard,
          enter_bailey_8, gammafunk_ghost_berserking_beasts, uniq_fannar
Temple:   compressed_dpeg_triangle_lava_temple
Orc:1:    layout_caves, nicolae_volcano_entry_vermiform, uniq_josephine

Skill      XL: |  1  2  3  4  5  6  7  8  9 10 11 12 |
---------------+-------------------------------------+-----
Short Blades   | 2 3 5 6 7 |  7.4
Fighting       | 1 5 |  5.1
Stealth        | 5 7 12 | 12.3
Ice Magic      | 2 |  2.3
Spellcasting   | 4 6 |  6.7
Hexes          | 5 9 10 | 10.2
Dodging        | 5 7 |  7.5
Conjurations   | 5 |  5.4
Earth Magic    | 5 |  5.4
Translocations | 1 3 |  3.0
Evocations     | 2 |  2.9

Action                   |  1- 3 |  4- 6 |  7- 9 | 10-12 || total
-------------------------+-------+-------+-------+-------++-------
Melee: Dagger            |    82 |    95 |   159 |   176 ||   512
       Bite              |     9 |     4 |     7 |    16 ||    36
       Punch             |       |       |     1 |       ||     1
 Cast: Ensorcelled Hiber |     8 |     9 |    50 |    36 ||   103
       Confusing Touch   |       |       |     5 |     6 ||    11
       Tukima's Dance    |       |       |     9 |     9 ||    18
 Abil: Exsanguinate      |     1 |       |       |       ||     1
  Use: Potion            |     1 |     1 |     2 |     6 ||    10
       Scroll            |       |     6 |     6 |     9 ||    21
 Stab: Sleeping          |     9 |    28 |    58 |    36 ||   131
       Invisible         |     1 |     1 |       |       ||     2
       Distracted        |       |     2 |     2 |     1 ||     5
       Confused          |       |       |     4 |     4 ||     8
Armor: Robe              |    16 |    21 |    52 |    36 ||   125
Dodge: Dodged            |    42 |    44 |   106 |   117 ||   309
       Repelled          |       |       |     1 |     1 ||     2
